 Dungeon Crawl Stone Soup version 0.19-a0-593-gf2cdb02 (webtiles) character file.

177 Blunderbuss the Gusty (level 5, -9/24 HPs)
             Began as a Vine Stalker Air Elementalist on June 10, 2016.
             Mangled by an ogre
             ... wielding a +0 giant spiked club
              (19 damage)
             ... on level 4 of the Dungeon.
             The game lasted 00:15:14 (2380 turns).

Blunderbuss the Gusty (VSAE)                        Turns: 2380, Time: 00:15:15

Health: -9/24      AC:  2    Str: 10    XL:     5   Next: 57%
Magic:  0/11       EV: 13    Int: 16    God:
Gold:   137        SH:  0    Dex: 15    Spells: 2 memorised, 7 levels left

rFire  . . .     SeeInvis .     m - +2 hand axe (flame)
rCold  . . .     Gourm    .     a - +0 robe
rNeg   . . .     Faith    .     (no shield)
rPois  .         Spirit   +     u - +0 hat
rElec  .         Dismiss  .     (no cloak)
rCorr  .         Reflect  .     (no gloves)
SustAt +         Harm     .     (no boots)
MR     .....                    r - amulet of guardian spirit
Stlth  ++........               (no ring)
                                e - ring of sustain attributes

@: very slightly contaminated, not resistant to hostile enchantments, unstealthy
A: fangs 2, regeneration 1, wild magic 1, magic shield, antimagic bite, no
device heal 3, rot immunity
a: no special abilities


You were on level 4 of the Dungeon.
You were full.

You visited 1 branch of the dungeon, and saw 4 of its levels.

You collected 137 gold pieces.

Inventory:

Hand Weapons
 m - a +2 hand axe of flaming (weapon)
Armour
 a - a +0 robe (worn)
 u - a +0 hat (worn)
Jewellery
 e - a ring of sustain attributes (left hand)
 r - an amulet of guardian spirit (around neck)
Wands
 t - a wand of paralysis (13/24)
Scrolls
 d - 5 scrolls of identify {unknown}
 g - a scroll of fear {unknown}
 h - a scroll of recharging {unknown}
 i - a scroll of amnesia {unknown}
 j - 2 scrolls of noise {unknown}
 l - a scroll of enchant weapon {unknown}
 n - 4 scrolls of remove curse
 o - a scroll of magic mapping {unknown}
 p - 2 scrolls of teleportation {unknown}
 s - a scroll of enchant armour {unknown}
Potions
 f - a potion of degeneration {unknown}
 k - a potion of berserk rage {unknown}
 v - a potion of agility {unknown}
 w - a potion of flight {unknown}
 x - a potion of might
Books
 b - a book of Air

   Spells                             Type                      Level
   a - Shock                          Conjuration/Air              1
   b - Swiftness                      Charms/Air                   2
   c - Repel Missiles                 Charms/Air                   2
   d - Static Discharge               Conjuration/Air              3
   e - Lightning Bolt                 Conjuration/Air              5
Comestibles
 c - 2 bread rations
 q - 3 meat rations


   Skills:
 + Level 2.4 Dodging
 + Level 3.2 Stealth
 * Level 3.6 Spellcasting
 + Level 2.2 Conjurations
 + Level 3.8 Air Magic


You had 7 spell levels left.
You knew the following spells:

 Your Spells              Type           Power        Failure   Level  Hunger
a - Shock                 Conj/Air       ###.         12%         1    None
b - Static Discharge      Conj/Air       ###.....     24%         3    ###....


Dungeon Overview and Level Annotations

Branches:
Dungeon (4/15)
 Temple: D:4-7

Altars:
Gozag
Hepliaklqana
Ru
Xom
Zin


Innate Abilities, Weirdness & Mutations

You have extremely sharp teeth.
Your natural rate of healing is unusually fast.
When hurt, damage is shared between your health and your magic reserves.
Your bite disrupts and absorbs the magic of your enemies.
Potions and wands cannot restore your health.
You are immune to rotting.
Your spells are a little harder to cast, but a little more powerful.


Message History

The ogre is lightly wounded.
The lightning grounds out.
The ogre misses you.
Casting: Static Discharge
Confirm with . or Enter, or press ? or * to list all spells.
The ogre is struck by lightning.
The ogre is heavily wounded.
The lightning arcs!
You are struck by lightning.
The lightning grounds out.
The ogre hits you with a giant spiked club!!
Ouch! That really hurt!
Casting: Static Discharge
Confirm with . or Enter, or press ? or * to list all spells.
Aiming: Shock
Press: ? - help, Shift-Dir - straight line, f - ogre
Aim: an ogre, wielding a giant spiked club (heavily wounded)
You miscast Shock.
You are very lightly contaminated with residual magic.
Nothing appears to happen.
The ogre hits you with a giant spiked club!!
Ouch! That really hurt!
You die...

#..... ...### .
#### .. ..# .#.
#.# ....
####.###########
##.##
#.........O@...#
#.##.#########.#
...# .....#
#.#.##.# # #.
..# # ..# ..#


You could see an ogre.

Vanquished Creatures
  A crimson imp (D:3)
  A worker ant (D:4)
  6 adders
  2 worms
  A dart slug (D:1)
  5 orcs (D:3)
  2 giant cockroaches (D:1)
  5 goblins
  7 hobgoblins
  4 jackals
  5 kobolds
  2 quokkas
  6 bats
  3 giant newts (D:1)
50 creatures vanquished.

Notes
Turn   | Place    | Note
--------------------------------------------------------------
     0 | D:1      | Blunderbuss the Vine Stalker Air Elementalist began the quest for the Orb.
     0 | D:1      | Reached XP level 1. HP: 9/9 MP: 4/4
   168 | D:1      | Reached XP level 2. HP: 9/13 MP: 1/6
   941 | D:2      | Reached XP level 3. HP: 14/16 MP: 0/8
   942 | D:2      | Gained mutation: Your spells are a little harder to cast, but a little more powerful. [potion of beneficial mutation]
  1025 | D:2      | Found a sacrificial altar of Ru.
  1420 | D:3      | Learned a level 3 spell: Static Discharge
  1448 | D:3      | Reached XP level 4. HP: 21/21 MP: 0/9
  1628 | D:3      | Found an opulent altar of Gozag.
  1959 | D:3      | Found a hazy altar of Hepliaklqana.
  1981 | D:3      | Reached XP level 5. HP: 24/24 MP: 0/10
  2215 | D:4      | Found a glowing silver altar of Zin.
  2274 | D:4      | Found a shimmering altar of Xom.
  2370 | D:4      | Noticed an ogre
  2380 | D:4      | Mangled by an ogre

Vault maps used:
D:1:      dpeg_arrival_brainrot, minmay_statues_item,
          corexii_item_surrounded_by_moat
D:2:      lemuel_doored_altar
D:3:      nicolae_overflow_hidden_temple, marbit_many_paths
D:4:      zin_treasury, xom_butterflies, first_bread

Skill      XL: |  1  2  3  4 |
---------------+-------------+-----
Spellcasting   | 3 |  3.6
Dodging        | 2 |  2.4
Stealth        | 3 |  3.2
Conjurations   | 2 |  2.2
Air Magic      | |  3.8

Action                   |  1- 3 |  4- 6 || total
-------------------------+-------+-------++-------
Melee: Unarmed           |    40 |    29 ||    69
       Bite              |     7 |    11 ||    18
       Hand axe          |       |     9 ||     9
 Cast: Shock             |    74 |    45 ||   119
       Static Discharge  |     1 |    10 ||    11
  Use: Scroll            |     1 |       ||     1
       Potion            |     1 |     5 ||     6
 Stab: Sleeping          |       |     2 ||     2
  Eat: Beef jerky        |     2 |       ||     2
       Bread ration      |     1 |     1 ||     2
Armor: Robe              |     2 |     8 ||    10
Dodge: Dodged            |    33 |    35 ||    68
